 Dungeon Crawl Stone Soup version 0.18.1-48-g4cf74bf (webtiles) character file.

28270 Gargoyl the Protected (level 13, -5/98 HPs)
             Began as a Demonspawn Abyssal Knight on Aug 5, 2016.
             Was a High Priest of Lugonu.
             Slain by an orc warrior
             ... wielding a +2 trident of flaming
              (24 damage)
             ... in a volcano.
             The game lasted 00:37:20 (14470 turns).

Gargoyl the Protected (Demonspawn Abyssal Knight)  Turns: 14470, Time: 00:37:22

Health: -5/98      AC: 18    Str: 18    XL:     13   Next: 8%
Magic:  18/18      EV: 14    Int: 16    God:    Lugonu [*****.]
Gold:   613        SH: 22    Dex: 24    Spells: 0 memorised, 18 levels left

rFire  . . .     SeeInvis .     C - +1 hand axe of the Beast {chop, rPois Dex+4 Stlth-}
rCold  . . .     Gourm    .     B - +0 plate armour
rNeg   + . .     Faith    .     e - +5 shield
rPois  +         Spirit   .     (helmet restricted)
rElec  .         Dismiss  .     w - +2 cloak
rCorr  .         Reflect  +     (gloves unavailable)
SustAt .         Harm     .     (no boots)
MR     .....                    d - +4 amulet of reflection
Stlth  ..........               q - +5 ring of dexterity
                                n - ring of positive energy

@: agile, not resistant to hostile enchantments, extremely unstealthy
A: antennae 1, claws 3, talons 2, camouflage 1, clever 1, clumsy 1, demonic
guardian 1, mutation resistance 1, spiny 2
a: Depart the Abyss, Bend Space, Banish, Corrupt, Enter the Abyss, Renounce
Religion


You were in a volcano.
You worshipped Lugonu.
Lugonu was extremely pleased with you.
You were not hungry.

You visited 2 branches of the dungeon, and saw 13 of its levels.
You visited the Abyss 1 time.
You also visited: Labyrinth, Sewer and Volcano.

You collected 613 gold pieces.

Inventory:

Hand Weapons
 x - a +1 hand axe of flaming
 A - a +0 war axe of protection
 C - the +1 hand axe of the Beast (weapon) {chop, rPois Dex+4 Stlth-}
   (You found it in a labyrinth)

   It inflicts extra damage upon your enemies.
   It affects your dexterity (+4).
   It protects you from poison.
   It makes you less stealthy.
Missiles
 t - 17 tomahawks (quivered)
Armour
 e - a +5 shield (worn)
 w - a +2 cloak (worn)
 B - a +0 plate armour (worn)
Jewellery
 d - a +4 amulet of reflection (around neck)
 n - a ring of positive energy (left claw)
 q - a +5 ring of dexterity (right claw)
 D - an uncursed ring of magical power
 G - an uncursed ring of protection from fire
 H - an uncursed amulet of harm
Wands
 h - a wand of digging (24/24)
 m - a wand of slowing (32/48)
 F - a wand of hasting (5/9)
 I - a wand of flame (22/48)
 K - a wand of flame (5/48)
 L - a wand of polymorph (11/24)
Scrolls
 b - 6 scrolls of identify
 o - 2 scrolls of teleportation
 p - 6 scrolls of remove curse
 u - a scroll of fog
 y - 3 scrolls of recharging
Potions
 f - 4 potions of flight
 g - 8 potions of curing
 r - a potion of brilliance
 z - a potion of agility
Books
 i - a book of Air

   Spells                             Type                      Level
   a - Shock                          Conjuration/Air              1
   b - Swiftness                      Charms/Air                   2
   c - Repel Missiles                 Charms/Air                   2
   d - Static Discharge               Conjuration/Air              3
   e - Lightning Bolt                 Conjuration/Air              5
 v - a Young Poisoner's Handbook

   Spells                             Type                      Level
   a - Sting                          Conjuration/Poison           1
   b - Cure Poison                    Poison                       2
   c - Mephitic Cloud                 Conjuration/Poison/Air       3
   d - Olgreb's Toxic Radiance        Poison                       4
   e - Venom Bolt                     Conjuration/Poison           5
 E - a book of Transfigurations

   Spells                             Type                      Level
   a - Irradiate                      Conjuration/Transmutation    5
   b - Statue Form                    Transmutation/Earth          6
   c - Hydra Form                     Transmutation                6
   d - Dragon Form                    Transmutation                7
 J - a book of Dreams

   Spells                             Type                      Level
   a - Ensorcelled Hibernation        Hexes/Ice                    2
   b - Silence                        Hexes/Air                    5
   c - Darkness                       Hexes                        6
   d - Shadow Creatures               Summoning                    6
Miscellaneous
 M - a phial of floods (inert)
Comestibles
 c - 5 bread rations
 j - 5 beef jerkies
 s - 7 meat rations


   Skills:
 + Level 8.1 Fighting
 + Level 7.4 Axes
 + Level 3.8 Throwing
 * Level 10.1 Armour
 + Level 5.6 Dodging
 + Level 4.3 Stealth
 + Level 9.8 Shields
 + Level 3.3 Unarmed Combat
 + Level 3.4 Spellcasting
 + Level 6.0 Invocations
 + Level 3.8 Evocations


You had 18 spell levels left.
You didn't know any spells.

Dungeon Overview and Level Annotations

Branches:
Dungeon (10/15)            Temple (0/1) D:4            Lair (3/8) D:8
  Swamp (0/4) Lair:3
  Snake: Lair:3-6    Spider: Lair:3-6       Orc: D:9-12

Altars:
Ashenzari
Dithmenos
Elyvilon
Fedhas
Gozag
Kikubaaqudgha
Nemelex Xobeh
Okawaru
Ru
Sif Muna
Trog
Yredelemnul
The Shining One

Shops:
D:6 *   D:7 (

Annotations:
Lair:1 1 exclusion


Innate Abilities, Weirdness & Mutations

You have a pair of small antennae on your head.
You have claws for hands.
You have razor-sharp toenails.
A weak demonic guardian rushes to your aid.
You are mostly covered in sharp spines.
Your skin changes colour to match your surroundings (Stealth).
Your mind is acute. (Int +2)
You are clumsy. (Dex -2)
You are somewhat resistant to further mutation.


Message History

Read which item? (? for menu, Esc to quit)
As you read the scroll of fog, it crumbles to dust.
The scroll dissolves into smoke.
The orc warrior hits you from afar with a trident of flaming!
* * * LOW HITPOINT WARNING * * *
The orc warrior burns you.
* * * LOW HITPOINT WARNING * * *
The orc knight roars a battlecry!
The orc warrior goes into a battle-frenzy!
You block the orc knight's attack.
Zapping:
I - a wand of flame {zapped: 3} (will waste charges)
Press: ? - help, Shift-Dir - straight line, f - orc knight
Aim: an orc knight, wielding a great sword of flaming and wearing a chain mail of fire resistance (blue smoke, lightly wounded)
The puff of flame hits the orc knight.
The orc knight resists.
The orc knight is lightly wounded.
Evoking this partially-identified wand wasted a few charges.
Your skill with magical items lets you calculate the power of this device...
This wand has 22 charges left.
The orc warrior hits you from afar with a trident of flaming!!
You die... ≈ §§≈ ≈≈ ######## § '.....+ .8_8. ooo

≈≈§≈≈§§.# #o# §≈≈§§≈≈.# #o#
≈≈≈≈≈≈≈.# #@# ≈≈§≈≈≈≈.# #§#
≈≈≈≈≈≈≈.# #§# ≈≈§≈≈≈..# #.#
≈≈≈≈§§≈.# #.#
≈≈§≈≈≈§.########'########§
≈..≈≈§§§....§§..§.......§§≈≈≈≈≈≈
≈≈≈.§≈≈≈§≈≈§≈≈§≈§§≈§§§§≈§§≈§≈≈≈≈
≈§§§§≈≈§§§≈§§§≈≈≈≈≈≈§≈§≈§≈§≈§≈≈≈≈


You could see an orc knight and an orc warrior.

Vanquished Creatures
  A minotaur (Lab)
  The ghost of raetorn the Covert, a journeyman OpMo of Cheibriados (Lair:1)
  Erica (D:9)
  2 unseen horrors
  6 spiny frogs
  2 komodo dragons
  8 blink frogs (Lair:1)
  Sigmund (D:4)
  A redback (Lab)
  6 yaks
  2 fire bats (Volcano)
  A wraith (D:10)
  A basilisk (D:10)
  2 hippogriffs (Lair:2)
  3 hungry ghosts
  A steam dragon (D:10)
  4 water moccasins
  2 orc warriors
  4 porcupines
  An ice beast (D:9)
  5 sky beasts
  5 ogres
  A necrophage (D:5)
  A centaur (D:9)
  5 crocodiles
  The ghost of letownia the Conjurer, an amateur OpWz (D:3)
  A big kobold (Sewer)
  7 giant frogs
  A wyvern zombie (D:9)
  6 scorpions
  10 killer bees
  3 howler monkeys
  A giant frog zombie (D:7)
  9 crimson imps
  A quasit (D:9)
  5 hounds
  3 orc priests
  2 jellies
  A giant frog skeleton (D:8)
  A gnoll shaman (D:6)
  4 orc wizards
  2 iguanas (Lair:1)
  6 worker ants
  2 killer bee zombies
  2 hound zombies
  A howler monkey zombie (D:9)
  A worker ant zombie (D:7)
  5 gnolls
  6 adders
  2 shadow imps
  A white imp (Abyss:1)
  5 oozes
  2 adder skeletons (D:8)
  4 worms
  5 dart slugs
  8 giant geckos
  15 orcs
  5 giant cockroaches
  11 goblins
  12 hobgoblins
  9 jackals
  16 kobolds
  4 quokkas
  3 ball pythons (Sewer)
  13 bats
  A giant gecko skeleton (D:8)
  10 giant newts
  9 rats
283 creatures vanquished.

Vanquished Creatures (collateral kills)
  A komodo dragon (Lair:2)
  A redback (Lab)
  2 yaks (Lair:3)
  A hippogriff (D:10)
  A giant gecko (D:7)
6 creatures vanquished.

Vanquished Creatures (others)
  An orc (D:7)
  2 plants (Lab)
3 creatures vanquished.

Grand Total: 292 creatures vanquished

Notes
Turn   | Place    | Note
--------------------------------------------------------------
     0 | Abyss:1  | Gargoyl the Demonspawn Abyssal Knight began the quest for the Orb.
     0 | Abyss:1  | Reached XP level 1. HP: 18/18 MP: 2/2
    47 | Abyss:1  | Reached skill level 2 in Armour
    96 | Abyss:2  | Found a corrupted altar of Lugonu.
   101 | Abyss:2  | Found a corrupted altar of Lugonu.
   125 | Abyss:2  | Noticed a chaos spawn
   137 | Abyss:2  | Noticed an Executioner
   137 | Abyss:2  | Found a corrupted altar of Lugonu.
   139 | D:1      | Escaped the Abyss
   207 | D:1      | Gained mutation: You have sharp fingernails. [demonic ancestry]
   207 | D:1      | Reached XP level 2. HP: 24/24 MP: 4/4
   249 | D:1      | Reached * piety under Lugonu
   250 | D:1      | Reached skill level 1 in Dodging
   571 | D:1      | Reached XP level 3. HP: 26/29 MP: 5/5
  1341 | D:2      | Reached skill level 1 in Shields
  1415 | D:2      | Found an ancient bone altar of Kikubaaqudgha.
  1470 | D:2      | Reached ** piety under Lugonu
  1470 | D:2      | Reached XP level 4. HP: 32/35 MP: 6/6
  2392 | D:3      | Gained mutation: You have very sharp fingernails. [demonic ancestry]
  2392 | D:3      | Reached XP level 5. HP: 33/42 MP: 7/7
  2716 | D:3      | Noticed letownia's ghost (amateur OpWz)
  2733 | D:3      | Killed letownia's ghost
  2733 | D:3      | Reached skill level 3 in Armour
  2733 | D:3      | Reached *** piety under Lugonu
  3192 | D:4      | Found a glowing drain.
  3222 | D:4      | HP: 2/42 [poisoned by an adder]
  3234 | Sewer    | Entered a sewer
  3501 | Sewer    | Gained mutation: You have sharp toenails. [demonic ancestry]
  3501 | Sewer    | Reached XP level 6. HP: 48/48 MP: 8/8
  3736 | Sewer    | Reached **** piety under Lugonu
  3973 | D:4      | Noticed Sigmund
  4001 | D:4      | Gained mutation: You have razor-sharp toenails. [potion of beneficial mutation]
  4015 | D:4      | Killed Sigmund
  4015 | D:4      | Gained mutation: You are partially covered in sharp spines. [demonic ancestry]
  4015 | D:4      | Reached XP level 7. HP: 47/54 MP: 9/9
  4109 | D:4      | Found a staircase to the Ecumenical Temple.
  4134 | D:5      | Entered Level 5 of the Dungeon
  4808 | D:5      | Reached skill level 4 in Armour
  4952 | D:6      | Reached skill level 5 in Fighting
  4954 | D:6      | Gained mutation: You have a pair of small antennae on your head. [demonic ancestry]
  4954 | D:6      | Reached XP level 8. HP: 43/60 MP: 10/10
  5061 | D:6      | Found an opulent altar of Gozag.
  5062 | D:6      | Found Gozag's Platinum Reserve.
  5123 | D:6      | Found a white marble altar of Elyvilon.
  5551 | D:6      | Reached skill level 5 in Shields
  5805 | D:6      | Reached skill level 5 in Armour
  5805 | D:6      | Reached skill level 1 in Stealth
  6443 | D:7      | Gained mutation: You have claws for feet. [demonic ancestry]
  6443 | D:7      | Reached XP level 9. HP: 67/68 MP: 11/11
  6546 | D:7      | Found a blossoming altar of Fedhas.
  6714 | D:7      | Reached ***** piety under Lugonu
  6720 | D:7      | Gained mutation: You are clumsy. (Dex -2) [mutagenic meat]
  6721 | D:7      | Gained mutation: Your spells are a little harder to cast, but a little more powerful. [mutagenic meat]
  6722 | D:7      | Lost mutation: Your spells are a little harder to cast, but a little more powerful. [mutagenic meat]
  6723 | D:7      | Gained mutation: Your mind is acute. (Int +2) [mutagenic meat]
  6724 | D:7      | Gained mutation: Your skin changes colour to match your surroundings (Stealth). [potion of beneficial mutation]
  6726 | D:7      | Reached skill level 5 in Axes
  6726 | D:7      | Reached skill level 7 in Armour
  6726 | D:7      | Reached skill level 5 in Invocations
  6726 | D:7      | Gained mutation: A weak demonic guardian rushes to your aid. [demonic ancestry]
  6726 | D:7      | Reached XP level 10. HP: 64/77 MP: 11/14
  7009 | D:7      | Found Jyidda's Antique Weapon Shop.
  7184 | D:8      | Found a deep blue altar of Sif Muna.
  7184 | D:8      | Found a basalt altar of Yredelemnul.
  7184 | D:8      | Found a sparkling altar of Nemelex Xobeh.
  7220 | D:8      | Found a shadowy altar of Dithmenos.
  7245 | D:8      | Found a glowing golden altar of the Shining One.
  7265 | D:8      | Found a shattered altar of Ashenzari.
  7277 | D:8      | Found a bloodstained altar of Trog.
  7277 | D:8      | Found a blossoming altar of Fedhas.
  7352 | D:8      | Lost mutation: You have claws for feet. [mutagenic meat]
  7353 | D:8      | Gained mutation: You are somewhat resistant to further mutation. [mutagenic meat]
  7365 | D:8      | Found a staircase to the Lair.
  7539 | D:8      | Found a sacrificial altar of Ru.
  8022 | D:9      | Found an iron altar of Okawaru.
  8085 | D:9      | Noticed Erica
  8127 | D:9      | Killed Erica
  8946 | D:10     | Entered Level 10 of the Dungeon
  9290 | D:10     | Killed an unseen horror
  9290 | D:10     | Reached skill level 8 in Armour
  9290 | D:10     | Gained mutation: You have claws for hands. [demonic ancestry]
  9290 | D:10     | Reached XP level 11. HP: 35/84 MP: 15/15
 10445 | Lair:1   | Entered Level 1 of the Lair of Beasts
 10558 | Lair:1   | Noticed raetorn's ghost (journeyman OpMo)
 10590 | Lair:1   | Killed raetorn's ghost
 11499 | Lair:1   | Reached skill level 5 in Dodging
 12368 | Lair:1   | Reached skill level 9 in Armour
 12725 | Lair:2   | Found a labyrinth entrance.
 12734 | Lab      | Entered a labyrinth
 12951 | Lab      | Noticed a minotaur
 12979 | Lab      | HP: 1/84 [minotaur/antimagic rapier (22)]
 12982 | Lab      | Killed a minotaur
 13017 | Lab      | Got an iridescent hand axe
 13028 | Lab      | Killed an unseen horror
 13102 | Lair:2   | Identified the cursed +1 hand axe of the Beast {chop, rPois Dex+4 Stlth-} (You found it in a labyrinth)
 13462 | Lair:2   | Gained mutation: You are mostly covered in sharp spines. [demonic ancestry]
 13462 | Lair:2   | Reached XP level 12. HP: 92/92 MP: 16/16
 13463 | Lair:2   | Reached XP level 13. HP: 98/98 MP: 16/18
 13622 | Lair:2   | Reached skill level 10 in Armour
 14131 | Lair:3   | Found a dark tunnel.
 14140 | Volcano  | Entered a volcano
 14459 | Volcano  | Found a burning altar of Makhleb.
 14470 | Volcano  | Slain by an orc warrior

Skill      XL: |  1  2  3  4  5  6  7  8  9 10 11 12 13 |
---------------+----------------------------------------+-----
Axes           | 2 3 4 5 6 7 |  7.4
Armour         | 2 3 4 5 7 8 9 10 | 10.1
Dodging        | 1 2 3 4 5 |  5.6
Shields        | 1 2 3 4 5 6 7 9 |  9.8
Fighting       | 4 5 6 7 8 |  8.1
Stealth        | 1 3 4 |  4.3
Throwing       | 2 3 |  3.8
Unarmed Combat | 2 3 |  3.3
Spellcasting   | 2 3 |  3.4
Invocations    | 5 6 |  6.0
Evocations     | 3 |  3.8

Action                   |  1- 3 |  4- 6 |  7- 9 | 10-12 | 13-15 || total
-------------------------+-------+-------+-------+-------+-------++-------
Melee: Hand axe          |   153 |   294 |   273 |   167 |    77 ||   964
       Kick              |       |    19 |    62 |   193 |    41 ||   315
       War axe           |       |       |       |   444 |       ||   444
Throw: Tomahawk          |       |       |       |    18 |     2 ||    20
Invok: Depart the Abyss  |     1 |       |       |       |       ||     1
Evoke: Wand              |       |       |       |     1 |     1 ||     2
       Phial of floods   |       |       |       |       |     1 ||     1
  Use: Scroll            |       |     9 |     5 |    16 |     2 ||    32
       Potion            |       |     4 |    10 |    13 |     3 ||    30
 Stab: Invisible         |       |       |     3 |       |       ||     3
       Distracted        |       |       |       |     3 |     1 ||     4
  Eat: Chunk             |     2 |     7 |    13 |    20 |     2 ||    44
       Royal jelly       |       |     1 |       |       |       ||     1
       Bread ration      |       |       |       |     2 |       ||     2
       Fruit             |       |       |       |     1 |       ||     1
       Pizza             |       |       |       |       |     1 ||     1
Armor: Leather armour    |     4 |       |       |       |       ||     4
       Chain mail        |    81 |   158 |    91 |   218 |       ||   548
       Plate armour      |       |       |       |       |    13 ||    13
Dodge: Dodged            |    24 |    31 |    38 |    99 |    11 ||   203
Block: Shield            |   124 |   259 |   237 |   555 |    80 ||  1255
       Reflection        |     2 |     2 |     1 |     3 |       ||     8
